 Dungeon Crawl Stone Soup version 0.31.0-12-g77e489cdc1 (webtiles) character file.

Game seed: 8623555236020180774

83350 Arctor the Eclecticist (level 15, -5/86 HPs)
             Began as a Deep Elf Fire Elementalist on Feb 11, 2024.
             Was a High Priest of Vehumet.
             Slain by a ghost moth (6 damage)
             ... on level 2 of the Spider Nest.
             The game lasted 01:16:48 (28356 turns).

Arctor the Eclecticist (DEFE)                      Turns: 28356, Time: 01:16:50

Health: -5/86      AC:  9    Str:  5 (8)  XL:     15   Next: 32%
Magic:  0/36       EV: 20    Int: 28      God:    Vehumet [*****.]
Gold:   1886       SH:  4    Dex: 15 (17) Spells: 1/44 levels left

rFire   + + +        Z - staff of fire
rCold   x . .        z - +0 buckler
rNeg    . . .        l - +2 robe {rF+}
rPois   +            L - +1 hat
rElec   .            v - +0 cloak
rCorr   .            (no gloves)
SInv    .            F - +0 pair of boots "Macagg" {rPois Str+3}
Will    +....        M - amulet of magic regeneration
Stlth   +++++        G - +5 ring of evasion
HPRegen 0.34/turn    d - ring of fire
MPRegen 0.65/turn

%: no passive effects
@: studying Short Blades
A: horns 1, iridescent scales 1, thin skeletal structure 1, evolution 1,
inability to drink after injury 1
a: Renounce Religion


You were on level 2 of the Spider Nest.
You worshipped Vehumet.
Vehumet was extremely pleased with you.
You visited 5 branches of the dungeon, and saw 22 of its levels.
You also visited: Volcano.

You collected 2374 gold pieces.
You spent 488 gold pieces at shops.

Inventory:

Hand Weapons
 a - the +10 dagger "Omiem" {freeze, rN+ Str+2 Dex-2}
   (You found it on level 4 of the Dungeon)

   Str+2:     It affects your strength (+2).
   Dex-2:     It affects your dexterity (-2).
   rN+:       It protects you from negative energy.
 y - the +5 short sword "Kokocel" {freeze, Dex+2}
   (You found it on level 2 of the Dungeon)

   Dex+2:     It affects your dexterity (+2).
 D - the +5 sling of the Shrike {heavy, rPois}
   (You found it on level 3 of the Lair of Beasts)

   rPois:     It protects you from poison
 P - a +3 hand cannon of flaming
 R - the +6 trident of the Protecting Seeker {freeze, *Corrode rElec Will+ Int+3}
   (You found it on level 11 of the Dungeon)

   Int+3:     It affects your intelligence (+3).
   rElec:     It insulates you from electricity.
   Will+:     It increases your willpower.
   *Corrode:  It may corrode you when you take damage.
Armour
 j - a +2 robe of positive energy
 l - a +2 robe of fire resistance (worn)
 v - a +0 cloak (worn)
 z - a +0 buckler (worn)
 F - the +0 pair of boots "Macagg" (worn) {rPois Str+3}
   (You found it on level 7 of the Dungeon)

   Str+3:     It affects your strength (+3).
   rPois:     It protects you from poison
 L - a +1 hat (worn)
Magical Staves
 b - a staff of conjuration
 e - a staff of air
 Z - a staff of fire (weapon)
Jewellery
 d - a ring of fire (right hand)
 k - a ring of poison resistance
 G - a +5 ring of evasion (left hand)
 M - an amulet of magic regeneration (around neck)
Talismans
 t - the granite talisman of Serendipity {Int+2}
   (You found it on level 7 of the Dungeon)

   [granite talisman]

   Int+2:     It affects your intelligence (+2).
 N - a maw talisman
 O - a blade talisman
Wands
 o - a wand of polymorph (2)
 r - a wand of quicksilver (21)
 u - a wand of roots (31)
 w - a wand of paralysis (6)
 H - a wand of flame (39)
 J - a wand of mindburst (2)
 W - a wand of digging (8)
Scrolls
 p - 2 scrolls of enchant weapon
 q - a scroll of fear
 s - a scroll of identify
 C - 2 scrolls of torment
 E - 4 scrolls of immolation
 I - 6 scrolls of teleportation
 S - a scroll of silence
 T - 3 scrolls of revelation
 U - 3 scrolls of enchant armour
 V - 3 scrolls of poison
 Y - a scroll of amnesia
Potions
 c - 9 potions of curing
 f - a potion of berserk rage
 g - 5 potions of haste
 h - 5 potions of brilliance
 i - 4 potions of attraction
 m - a potion of lignification
 n - a potion of magic
 x - 2 potions of might
 A - 2 potions of heal wounds
 B - 3 potions of resistance
 Q - a potion of cancellation


   Skills:
 - Level 7.3 Fighting
 - Level 8.4 Dodging
 - Level 9.1 Stealth
 - Level 15.2 Spellcasting
 - Level 7.4 Conjurations
 - Level 4.7 Summonings
 - Level 5.5 Translocations
 + Level 12.8 Fire Magic
 - Level 6.9 Air Magic
 - Level 3.2 Alchemy
 - Level 5.4 Evocations
 + Level 13.6 Shapeshifting


You had one spell level left.
You knew the following spells:

 Your Spells              Type           Power      Damage    Failure   Level
a - Foxfire               Conj/Fire      100%       2x1d9     1%          1
b - Scorch                Fire           100%       2d9       1%          2
c - Inner Flame           Hex/Fire       91%        N/A       1%          3
d - Volatile Blastmotes   Fire/Tloc      100%       2d18      1%          3
e - Blink                 Tloc           100%       N/A       1%          2
f - Flame Wave            Conj/Fire      100%       2d21      1%          4
g - Ignition              Fire           59%        3d16      36%         8
h - Mercury Vapours       Alch/Air       98%        N/A       1%          2
i - Sticky Flame          Fire/Alch      99%        2d15      1%          4
k - Plasma Beam           Fire/Air       53%        2x1d68    3%          6
l - Teleport Other        Tloc           51%        N/A       1%          3
m - Iskenderun's Battles  Conj           58%        2d11      1%          5

Your spell library contained the following spells:

 Spells                   Type           Power      Damage    Failure   Level
 Bombard                  Conj/Erth      21%        9d4       36%         6
 Freeze                   Ice            84%        1d9       1%          1
 Kiss of Death            Conj/Necr      100%       2d13      1%          1
 Sandblast                Erth           42%        2d11      1%          1
 Sting                    Conj/Alch      100%       1d9       1%          1
 Lesser Beckoning         Tloc           100%       N/A       1%          2
 Momentum Strike          Conj/Tloc      100%       3d10      1%          2
 Gell's Gravitas          Tloc           51%        N/A       1%          3
 Hailstorm                Conj/Ice       42%        3d9       1%          3
 Stone Arrow              Conj/Erth      84%        3d12      1%          3
 Ignite Poison            Fire/Alch      99%        N/A       1%          4
 Brom's Barrelling Bould  Conj/Erth      42%        2d6       2%          4
 Olgreb's Toxic Radiance  Alch           39%        N/A       3%          4
 Starburst                Conj/Fire      54%        6d15      3%          6
 Frozen Ramparts          Ice            42%        1d7       4%          3
 Summon Lightning Spire   Summ/Air       52%        N/A       4%          4
 Jinxbite                 Hex            42%        N/A       7%          2
 Confusing Touch          Hex            21%        N/A       14%         3
 Passwall                 Erth           21%        N/A       14%         3
 Animate Armour           Summ/Erth      68%        N/A       17%         4
 Yara's Violent Unravell  Hex/Alch       15%        3d8       17%         5
 Lee's Rapid Deconstruct  Erth           10%        3d8*      30%         5
 Alistair's Intoxication  Alch           26%        N/A       32%         5
 Anguish                  Hex/Necr       10%        N/A       41%         4
 Cause Fear               Hex            10%        N/A       41%         4
 Dispel Undead            Necr           21%        3d11      41%         4
 Eringya's Noxious Bog    Alch           19%        4d6       41%         6
 Borgnjor's Vile Clutch   Necr/Erth      10%        N/A       77%         5
 Enfeeble                 Hex            10%        N/A       100%        7


Dungeon Overview and Level Annotations

Branches:
Dungeon (12/15)            Temple (1/1) D:5            Lair (5/5) D:10
  Swamp (0/4) Lair:2       Spider (2/4) Lair:2        Slime (0/5) Lair:4
    Orc (2/2) D:11        Volcano (visited)
    Elf: Orc:2

Altars:
Ashenzari
Cheibriados
Dithmenos
Elyvilon
Fedhas
Gozag
Hepliaklqana
Kikubaaqudgha
Makhleb
Nemelex Xobeh
Okawaru
Qazlal
Ru
Sif Muna
Trog
Uskayaw
Vehumet
Wu Jian
Xom
Yredelemnul
Zin
The Shining One
Jiyva

Shops:
D:4 *   Orc:2 ?[[:

Annotations:
D:10 exclusion: downstairs
D:11 2 transporters, Silvore's ghost, journeyman DsFi
Spider:1 exclusion: downstairs
Spider:2 Aizul


Innate Abilities, Weirdness & Mutations

You have a pair of small horns on your head.
You are partially covered in iridescent scales. (AC +2)
You have a somewhat thin skeletal structure. (Dex +2, Stealth+)
You have hidden genetic potential.
You occasionally lose the ability to drink potions when taking damage.


Message History

There is a stone staircase leading up, spattered with blood here.
You are caught in the web!
The redback barely misses you. The redback bites you!
You are poisoned.
The redback poisons you! Something hits you!
You feel weakened. Something hits you!
Something stings you but does no damage.
There is a web, spattered with blood here.
Things that are here:
a +0 robe; a +0 hand axe You feel better.
The redback bites you but does no damage.
The wolf spider hits you but does no damage.
The wolf spider bites you.
You feel you are being watched by something.
You feel your power leaking away. Something hits you but does no damage.
Something completely misses you. Something stings you.
You disentangle yourself.
A culicivora comes into view.
The wolf spider hits you!! The wolf spider closely misses you.
The redback closely misses you.
You feel you are being watched by something.
You feel your power leaking away. Something closely misses you.
Something hits you. Something stings you!
* * * LOW HITPOINT WARNING * * *
The wolf spider hits you!!
* * * LOW HITPOINT WARNING * * *
You block the wolf spider's attack. The spark wasp completely misses you.
The redback misses you.
Unknown command.
As you read the scroll of fear, it crumbles to dust.
You assume a fearsome visage.
The culicivora looks frightened!
The redback looks frightened!
The spark wasp looks frightened!
The wolf spider looks frightened!
You feel you are being watched by something.
You feel your power leaking away. Something hits you.
You die...

#......s..s...........
#^......#.#.#)........
###.................##..
#..#....#...#......#....
##.......#.....#..§.s)#.
#...........#...#...#...
#......#...#.........#
...#.>.#.s#.......#.....
..^....@{...#....#..^...
.......#........# .#....
#......#y..s#...... .. ....
#........).##...... .#..
##........#....#.... .#
###..#.##^...#^#. ..s. .
##.>.............. B.. .
###.#......#..#.....#.#†.#..
. #....................#.
.#..


You could see a spark wasp (fleeing), a wolf spider (fleeing), a culicivora
(fleeing) and a redback (fleeing).

Vanquished Creatures
  A red draconian (Volcano)
  Snorg (Orc:2)
  Josephine (Orc:1)
  2 fire dragons (Lair:5)
  An entropy weaver (Spider:1)
  2 hydras
  A radroach (Spider:1)
  An ogre mage (Volcano)
  Erica (D:8)
  A centaur warrior (D:11)
  11 two-headed ogres
  3 boulder beetles
  A demonic crawler (Spider:2)
  2 orc high priests (Orc:2)
  A pharaoh ant (Spider:1)
  2 skysharks
  A swamp dragon (Lair:5)
  2 orb spiders (Spider:1)
  2 lindwurms (Lair:5)
  Pikel (D:8)
  An oklob plant (Lair:5)
  3 cyclopes (D:11)
  5 deep elf pyromancers
  5 orc knights (Orc:2)
  Maurice (D:7)
  4 orc sorcerers (Orc:2)
  3 wolf spiders
  A manticore (D:11)
  3 meliai (Spider:2)
  11 elephants
  Joseph (D:7)
  2 moths of wrath
  4 black mambas
  6 kobold blastminers (Orc:2)
  8 torpor snails
  An unseen horror (D:11)
  Maggie (D:9)
  13 cane toads
  11 komodo dragons
  3 rime drakes
  An efreet (D:11)
  2 trolls
  8 hornets (Lair:5)
  3 tarantellas (Spider:2)
  4 tyrant leeches
  Grinder (D:6)
  7 dream sheep (Lair:5)
  21 blink frogs
  5 culicivoras
  3 vampires
  16 jumping spiders
  5 wyverns
  Sigmund (D:3)
  5 shadows
  34 yaks
  7 wraiths
  22 redbacks
  A warg (Orc:1)
  4 steam dragons
  2 vampire mosquitoes (D:10)
  Grum (D:9)
  2 swamp worms (Lair:2)
  4 acid dragons
  6 water moccasins
  Duvessa (D:4)
  2 swamp drakes (Lair:5)
  15 orc warriors
  4 ice beasts
  6 ogres
  A black bear (Lair:4)
  3 wolves (D:9)
  9 centaurs
  4 kobold brigands
  2 lemures (D:8)
  2 phantoms
  Blork the orc (Orc:2)
  9 bullfrogs
  3 gnoll sergeants
  A wyvern zombie (D:7)
  3 scorpions
  8 wights
  5 killer bees (D:9)
  Dowan (D:4)
  3 howler monkeys
  2 bombardier beetles (D:3)
  2 bullfrog zombies (D:7)
  10 jellies
  2 centaur zombies (D:7)
  3 hounds
  15 orc priests
  2 sleepcaps
  Natasha (thrice) (D:3)
  7 iguanas
  16 orc wizards
  A killer bee zombie (D:7)
  2 howler monkey zombies (D:7)
  7 adders
  8 gnolls
  A shadow imp (D:7)
  A white imp (D:7)
  4 ufetubi
  3 ribbon worms
  2 dart slugs (D:1)
  44 orcs
  5 endoplasms
  5 giant cockroaches
  6 goblins
  4 hobgoblins (D:1)
  12 jackals
  4 quokkas
  3 ball pythons
  6 bats
  5 frilled lizards
  21 kobolds
  3 rats
582 creatures vanquished.

Vanquished Creatures (collateral kills)
  27 foxfires
27 creatures vanquished.

Vanquished Creatures (others)
  An iguana (Lair:5)
  2504 foxfires
2505 creatures vanquished.

Grand Total: 3114 creatures vanquished

Notes
Turn   | Place    | Note
-------+----------+-------------------------------------------
     0 | D:1      | Arctor the Deep Elf Fire Elementalist began the quest for
                  | the Orb.
     0 | D:1      | Reached XP level 1. HP: 10/10 MP: 6/6
   250 | D:1      | Reached XP level 2. HP: 15/15 MP: 4/8
   258 | D:1      | Learned a level 2 spell: Scorch
  1108 | D:1      | Reached XP level 3. HP: 19/19 MP: 3/9
  1112 | D:1      | Learned a level 3 spell: Inner Flame
  1831 | D:2      | Found a shimmering altar of Xom.
  1924 | D:2      | Identified the +5 short sword "Kokocel" {freeze, Dex+2}
  2537 | D:3      | Found a sparkling altar of Nemelex Xobeh.
  2538 | D:3      | Found an opulent altar of Gozag.
  2717 | D:3      | Reached XP level 4. HP: 24/24 MP: 4/11
  2778 | D:3      | Noticed an ogre
  2784 | D:3      | Killed an ogre
  2785 | D:3      | Reached skill level 4 in Spellcasting
  2785 | D:3      | Reached XP level 5. HP: 9/28 MP: 1/13
  3209 | D:3      | Noticed Natasha
  3214 | D:3      | Killed Natasha
  3276 | D:3      | You fall into a shaft and drop 1 floor!
  3285 | D:4      | Found an ornate altar of the Wu Jian Council.
  3285 | D:4      | Noticed Dowan
  3287 | D:4      | Noticed Duvessa
  3291 | D:4      | Killed Dowan
  3292 | D:4      | Reached XP level 6. HP: 31/32 MP: 5/14
  3449 | D:3      | Found a faded altar of an unknown god.
  3482 | D:3      | Noticed Natasha
  3484 | D:3      | Killed Natasha
  3579 | D:3      | Noticed Natasha
  3595 | D:3      | Killed Natasha
  3718 | D:3      | Noticed Sigmund
  3916 | D:3      | Learned a level 3 spell: Volatile Blastmotes
  3919 | D:3      | Learned a level 2 spell: Blink
  4088 | D:3      | Killed Sigmund
  4089 | D:3      | Reached skill level 5 in Spellcasting
  4089 | D:3      | Reached skill level 1 in Translocations
  4157 | D:4      | Reached XP level 7. HP: 35/36 MP: 11/16
  4255 | D:4      | Reached skill level 5 in Stealth
  4255 | D:4      | Reached skill level 5 in Fire Magic
  4400 | D:4      | Killed Duvessa
  4538 | D:4      | Found a blossoming altar of Fedhas.
  4701 | D:4      | Found a bloodstained altar of Trog.
  4710 | D:4      | Identified the +10 dagger "Omiem" {freeze, rN+ Str+2 Dex-2}
  5068 | D:4      | Found Qinoip's CLEARANCE SALE!.
  5214 | D:5      | Entered Level 5 of the Dungeon
  5232 | D:5      | Reached skill level 5 in Dodging
  5237 | D:5      | Learned a level 4 spell: Flame Wave
  5477 | D:5      | Found a staircase to the Ecumenical Temple.
  5509 | Temple   | Entered the Ecumenical Temple
  5538 | Temple   | Became a worshipper of Vehumet
  5718 | D:5      | Found a shimmering blue altar of Sif Muna.
  5748 | D:5      | Identified a scroll of acquirement
  5748 | D:5      | Acquired a ring of fire
  5926 | D:5      | Reached XP level 8. HP: 41/41 MP: 12/18
  6051 | D:5      | Reached skill level 6 in Spellcasting
  7355 | D:6      | Reached * piety under Vehumet
  7355 | D:6      | Offered knowledge of Sting by Vehumet.
  7497 | D:6      | Learned a level 3 spell: Gell's Gravitas
  7712 | D:6      | Reached skill level 5 in Conjurations
  7719 | D:6      | Noticed Grinder
  7945 | D:6      | Reached skill level 7 in Spellcasting
  8022 | D:6      | Found a hide-covered altar of Uskayaw.
  8171 | D:6      | Killed Grinder
  8172 | D:6      | Reached XP level 9. HP: 45/45 MP: 10/21
  8770 | D:7      | Noticed Maurice
  8782 | D:7      | Killed Maurice
  8876 | D:7      | Reached skill level 8 in Spellcasting
  8876 | D:7      | Reached skill level 5 in Translocations
  9389 | D:7      | Found a basalt altar of Yredelemnul.
  9588 | D:7      | Reached ** piety under Vehumet
  9592 | D:7      | Offered knowledge of Kiss of Death by Vehumet.
  9724 | D:7      | Identified the granite talisman of Serendipity {Int+2}
  9812 | D:7      | Identified the +0 pair of boots "Macagg" {rPois Str+3}
  9817 | D:7      | Noticed Joseph
  9843 | D:7      | Killed Joseph
  9844 | D:7      | Reached XP level 10. HP: 19/50 MP: 4/24
 10842 | D:8      | Noticed Erica
 10960 | D:8      | Noticed Pikel
 10967 | D:8      | Killed Pikel
 10968 | D:8      | Reached skill level 1 in Evocations
 11407 | D:8      | Killed Erica
 11408 | D:8      | Reached skill level 9 in Spellcasting
 11509 | D:8      | Offered knowledge of Mercury Vapours by Vehumet.
 11571 | D:8      | Learned a level 2 spell: Mercury Vapours
 11756 | D:9      | Noticed Grum
 11764 | D:9      | Killed Grum
 11986 | D:9      | Reached *** piety under Vehumet
 11987 | D:9      | Reached skill level 1 in Fighting
 12139 | D:9      | Found a white marble altar of Elyvilon.
 12139 | D:9      | Found a burning altar of Makhleb.
 12385 | D:9      | Reached XP level 11. HP: 60/60 MP: 21/26
 12477 | D:9      | Found a broken altar of Ashenzari.
 12499 | D:9      | Noticed Maggie
 12506 | D:9      | Offered knowledge of Sticky Flame by Vehumet.
 12508 | D:9      | Reached skill level 5 in Evocations
 12512 | D:9      | Killed Maggie
 12679 | D:9      | Found a stormy altar of Qazlal.
 13012 | D:10     | Entered Level 10 of the Dungeon
 13080 | D:7      | Learned a level 4 spell: Sticky Flame
 13134 | D:10     | Learned a level 4 spell: Animate Armour
 13355 | D:10     | Reached skill level 1 in Shapeshifting
 13359 | D:10     | Reached skill level 1 in Summonings
 13603 | D:10     | Found a staircase to the Lair.
 14507 | D:10     | Reached **** piety under Vehumet
 14821 | D:10     | Noticed a deep elf pyromancer
 14823 | D:10     | Killed a deep elf pyromancer
 14823 | D:10     | Noticed a deep elf pyromancer
 14825 | D:10     | Noticed a deep elf pyromancer
 14830 | D:10     | Killed a deep elf pyromancer
 14831 | D:10     | Killed a deep elf pyromancer
 15032 | D:11     | Noticed a deep elf pyromancer
 15036 | D:11     | Killed a deep elf pyromancer
 15072 | D:11     | Reached skill level 5 in Fighting
 15082 | D:11     | Noticed a two-headed ogre
 15167 | D:11     | Identified the +6 trident of the Protecting Seeker {freeze,
                  | *Corrode rElec Will+ Int+3}
 15226 | D:11     | Offered knowledge of Arcjolt by Vehumet.
 15228 | D:11     | Noticed a two-headed ogre
 15231 | D:11     | Reached skill level 5 in Shapeshifting
 15233 | D:11     | Killed a two-headed ogre
 15342 | D:11     | Found a transporter.
 15378 | D:11     | Found a staircase to the Orcish Mines.
 15471 | D:11     | Noticed a boulder beetle
 15480 | D:11     | Killed a boulder beetle
 15862 | D:11     | Noticed a two-headed ogre
 15868 | D:11     | Reached XP level 12. HP: 61/69 MP: 23/27
 15874 | D:11     | Killed a two-headed ogre
 15875 | D:11     | Reached skill level 1 in Alchemy
 16014 | D:11     | Noticed a centaur warrior
 16019 | D:11     | Killed a centaur warrior
 16021 | D:11     | Noticed a two-headed ogre
 16219 | D:11     | Noticed a two-headed ogre
 16221 | D:11     | Noticed Silvore's ghost (journeyman DsFi)
 16223 | D:11     | Noticed a two-headed ogre
 16276 | D:11     | Noticed a tengu warrior
 16318 | D:11     | Found a transporter.
 16326 | D:11     | Found a bloodstained altar of Trog.
 16556 | D:11     | Killed a two-headed ogre
 16916 | D:11     | Killed a two-headed ogre
 16917 | D:11     | Reached skill level 10 in Spellcasting
 17194 | D:11     | Noticed a two-headed ogre
 17200 | D:11     | Killed a two-headed ogre
 17539 | Lair:1   | Entered Level 1 of the Lair of Beasts
 17910 | Lair:1   | Reached ***** piety under Vehumet
 18484 | Lair:2   | Offered knowledge of Conjure Ball Lightning by Vehumet.
 18520 | Lair:2   | Found a basalt altar of Yredelemnul.
 18757 | Lair:2   | Noticed a five-headed hydra
 18769 | Lair:2   | Killed a five-headed hydra
 18770 | Lair:2   | Reached skill level 11 in Spellcasting
 18845 | Lair:2   | Found a staircase to the Swamp.
 18849 | Lair:2   | Reached XP level 13. HP: 48/76 MP: 27/30
 19106 | Lair:2   | Found a hole to the Spider Nest.
 19124 | Lair:2   | Reached skill level 10 in Shapeshifting
 19131 | Lair:2   | Learned a level 6 spell: Plasma Beam
 19386 | Lair:2   | Reached skill level 1 in Air Magic
 20160 | Lair:3   | Reached skill level 12 in Spellcasting
 20584 | Lair:3   | Identified the +5 sling of the Shrike {heavy, rPois}
 21336 | Lair:4   | Found a hide-covered altar of Uskayaw.
 21363 | Lair:4   | Found a dark tunnel.
 21392 | Volcano  | Entered a volcano
 21419 | Volcano  | Reached skill level 13 in Spellcasting
 21430 | Volcano  | Reached skill level 5 in Air Magic
 21538 | Volcano  | Noticed a red draconian
 21560 | Volcano  | Gained mutation: You are partially covered in iridescent
                  | scales. (AC +2) [potion of mutation]
 21560 | Volcano  | Gained mutation: You occasionally lose the ability to drink
                  | potions when taking damage. [potion of mutation]
 21560 | Volcano  | Gained mutation: You have hidden genetic potential. [potion
                  | of mutation]
 21560 | Volcano  | Gained mutation: You have a somewhat thin skeletal
                  | structure. (Dex +2, Stealth+) [potion of mutation]
 21563 | Volcano  | Killed a red draconian
 21669 | Volcano  | Found a radiant altar of Vehumet.
 21745 | Volcano  | Learned a level 3 spell: Teleport Other
 22035 | Lair:4   | Found a staircase to the Slime Pits.
 22122 | Lair:4   | Found a viscous altar of Jiyva.
 22128 | Lair:4   | Offered knowledge of Ignite Poison by Vehumet.
 22316 | Lair:4   | Reached XP level 14. HP: 69/82 MP: 28/33
 22710 | Lair:5   | Entered Level 5 of the Lair of Beasts
 22710 | Lair:5   | Found a blossoming altar of Fedhas.
 22728 | Lair:5   | Found a broken altar of Ashenzari.
 23028 | Lair:5   | Reached skill level 14 in Spellcasting
 24316 | Lair:5   | Gained mutation: You have a pair of small horns on your
                  | head. [hidden potential]
 24686 | Orc:1    | Entered Level 1 of the Orcish Mines
 24720 | Orc:1    | Offered knowledge of Iskenderun's Battlesphere by Vehumet.
 24822 | Orc:1    | Noticed Josephine
 24831 | Orc:1    | Killed Josephine
 25012 | Orc:1    | Learned a level 5 spell: Iskenderun's Battlesphere
 25013 | Orc:2    | Entered Level 2 of the Orcish Mines
 25049 | Orc:2    | Reached skill level 10 in Fire Magic
 25325 | Orc:2    | Noticed Snorg
 25330 | Orc:2    | Killed Snorg
 25854 | Orc:2    | Noticed Blork the orc
 25860 | Orc:2    | Killed Blork the orc
 26165 | Orc:2    | Found Tuuwoeq's Book Shoppe.
 26170 | Orc:2    | Found Faxyila's Armour Boutique.
 26177 | Orc:2    | Found Xomutuo's Antique Armour Boutique.
 26179 | Orc:2    | Found Viexoxan's Magic Scroll Shoppe.
 26185 | Orc:2    | Bought a shiny orb for 360 gold pieces
 26188 | Orc:2    | Bought a scroll of amnesia for 64 gold pieces
 26188 | Orc:2    | Bought a scroll of amnesia for 64 gold pieces
 26452 | Spider:1 | Entered Level 1 of the Spider Nest
 26695 | Spider:1 | Reached skill level 15 in Spellcasting
 26695 | Spider:1 | Reached XP level 15. HP: 86/86 MP: 28/36
 26770 | Spider:1 | Offered knowledge of Bombard by Vehumet.
 27616 | Spider:2 | Identified the serpent talisman of the Ego {rN++ rCorr
                  | Str-4}
 27616 | Spider:2 | Noticed Aizul
 28009 | Spider:1 | Learned a level 8 spell: Ignition
 28355 | Spider:2 | HP: 1/86 [wolf spider (20)]
 28356 | Spider:2 | Slain by a ghost moth

Illustrated notes

Levels and vault maps discovered:
D:1:      roadster_arrival_rocket_small, layout_loops_ring
D:2:      layout_loops_ring, basic_altar, chequers_serial_rivers_room_b
D:3:      layout_loops_corners, grunt_temple_overflow_opulence,
          ebering_ecumenical_altar_sacrificial, uniq_natasha, uniq_sigmund
D:4:      layout_layer_cave, lemuel_doored_altar, bloody_trog,
          mainiacjoe_overflow_catwalk,
          mainiacjoe_sewer_entry_somewhere_in_here_1, nicolae_shop_clearance,
          uniq_duvessa
D:5:      layout_loops_corners, kennysheep_orc_sif_temple,
          minmay_temple_entry_grid, minmay_misc_feat_roman
D:6:      layout_loops_ring, nicolae_uskayaw_dance_studio, uniq_grinder
D:7:      layout_layer_cave, nicolae_yredelemnul_corpse_copse,
          kennysheep_generic_room_16, uniq_maurice, uniq_joseph
D:8:      layout_cave_pools, uniq_pikel, uniq_erica
D:9:      layout_irregular_city, mainiacjoe_overflow_small_starburst,
          mainiacjoe_overflow_paths, jmf_multi_god_temple, chequers_mini_garden,
          uniq_maggie, uniq_grum
D:10:     layout_basic, lair_entry_dummy, serial_library,
          serial_library_hellmonk_open_square, serial_library_hellmonk_room_b,
          serial_library_hellmonk_junction, serial_library_regret_index_headful,
          serial_library_hellmonk_junction,
          serial_library_hellmonk_long_bookcase, serial_library_hellmonk_room_a,
          serial_library_hellmonk_open_square
D:11:     nicolae_hexawheel, layout_cave_pods, gammafunk_ghost_wrathful_warriors
D:12:     layout_roguey
Temple:   nicolae_temple_two_arcs
Lair:1:   layout_regular_city
Lair:2:   layout_long_grid, minmay_swamp_entry_worms, spider_nest_entry_a,
          nicolae_quartered_pool_impasse, lemuel_centaur_altar
Lair:3:   layout_hall_layers
Lair:4:   layout_cave_pods, nicolae_slime_entry_field_trip, basic_altar,
          nicolae_volcano_entry_two_sided, serial_bayou_pond_d, pond
Lair:5:   wormcave, layout_regular_city, guppyfry_lair_end_dragon, basic_altar,
          lemuel_oklob_altar, lemuel_fruit_tree
Spider:1: layout_spider_delve
Spider:2: layout_spider_delve, uniq_aizul
Orc:1:    layout_caves, uniq_josephine
Orc:2:    st_orc_elflike, layout_caves, sword_in_stone, uniq_snorg

Skill      XL: |  1  2  3  4  5  6  7  8  9 10 11 12 13 14 15 |
---------------+----------------------------------------------+-----
Stealth        | 3 4 5 6 8 9 |  9.1
Dodging        | 3 4 5 6 7 8 |  8.4
Conjurations   | 2 3 4 5 6 7 |  7.4
Spellcasting   | 4 5 7 8 9 11 13 15 | 15.2
Fire Magic     | 4 5 6 7 8 11 12 | 12.8
Translocations | 1 2 4 5 |  5.5
Evocations     | 4 5 |  5.4
Fighting       | 3 5 7 |  7.3
Shapeshifting  | 6 9 11 13 | 13.6
Summonings     | 4 |  4.7
Alchemy        | 3 |  3.2
Air Magic      | 5 6 |  6.9

Action                     |  1- 3 |  4- 6 |  7- 9 | 10-12 | 13-15 || total
---------------------------+-------+-------+-------+-------+-------++-------
  Melee: Unarmed           |     1 |       |       |       |       ||     1
         Staff             |       |     2 |     3 |     2 |     1 ||     8
         Short sword       |       |     2 |     5 |       |       ||     7
         Dagger            |       |       |     6 |     3 |       ||     9
   Cast: Foxfire           |   148 |    48 |   288 |   368 |   649 ||  1501
         Scorch            |     1 |    18 |    89 |   127 |   167 ||   402
         Gell's Gravitas   |       |       |     2 |     7 |     1 ||    10
         Volatile Blastmot |       |       |     4 |    11 |    18 ||    33
         Flame Wave        |       |       |     1 |    25 |    35 ||    61
         Mercury Vapours   |       |       |       |     9 |     2 ||    11
         Sticky Flame      |       |       |       |     4 |     1 ||     5
         Inner Flame       |       |       |       |     3 |     1 ||     4
         Animate Armour    |       |       |       |     2 |       ||     2
         Blink             |       |       |       |     1 |     2 ||     3
         Plasma Beam       |       |       |       |       |    83 ||    83
         Iskenderun's Batt |       |       |       |       |     5 ||     5
         Teleport Other    |       |       |       |       |     1 ||     1
    Use: Scroll            |     3 |     4 |     6 |     6 |    14 ||    33
         Potion            |       |       |     2 |     2 |     8 ||    12
 Armour: Robe              |     4 |    12 |    59 |   131 |   139 ||   345
  Dodge: Dodged            |    10 |     9 |    79 |   127 |   162 ||   387
  Block: Buckler           |       |       |    15 |    31 |    40 ||    86
